 Dungeon Crawl Stone Soup version 0.27.1-1-g398f81649c (webtiles) character file.

Game seed: 9454982699230578510

830 MisterFreud the Shield-Bearer (level 7, -3/60 HPs)
             Began as a Gnoll Fighter on Sept 8, 2021.
             Slain by a black bear (5 damage)
             ... on level 4 of the Dungeon.
             The game lasted 00:02:49 (3115 turns).

MisterFreud the Shield-Bearer (Gnoll Fighter)       Turns: 3115, Time: 00:02:49

Health: -3/60      AC:  7    Str: 15    XL:     7   Next: 97%
Magic:  11/11      EV:  8    Int: 10    God:
Gold:   114        SH: 12    Dex: 11    Spells: 11/11 levels left

rFire    . . .     SeeInvis .   a - +0 rapier
rCold    . . .     Faith    .   m - +2 kite shield
rNeg     . . .     Spirit   .   b - +0 scale mail
rPois    +         Reflect  .   (no helmet)
rElec    .         Harm     .   (no cloak)
rCorr    .         Rampage  .   (no gloves)
Will     .....                  (no boots)
Stlth    +.........             (no amulet)
HPRegen  0.20/turn              f - ring of poison resistance
MPRegen  0.12/turn              (no ring)

@: mighty
A: fangs 1, strong nose, distributed training
a: no special abilities


You were on level 4 of the Dungeon.
You visited 1 branch of the dungeon, and saw 4 of its levels.

You collected 114 gold pieces.

Inventory:

Hand Weapons
 a - a +0 rapier (weapon)
Missiles
 o - 3 poisoned darts (quivered)
Armour
 b - a +0 scale mail (worn)
 m - a +2 kite shield (worn)
Jewellery
 f - a ring of poison resistance (left hand)
Scrolls
 h - a scroll of amnesia {unknown}
 i - a scroll of vulnerability {unknown}
 j - a scroll of magic mapping {unknown}
 k - a scroll of teleportation {unknown}
Potions
 c - a potion of lignification {unknown}
 d - a potion of might
 e - a potion of berserk rage {unknown}
 g - 2 potions of ambrosia {unknown}
 l - a potion of heal wounds {unknown}
 n - a potion of mutation {unknown}
 p - a potion of curing {unknown}
 q - a potion of brilliance {unknown}


   Skills:
 + Level 7.2 Fighting
 + Level 5.4 Short Blades
 + Level 2.8 Long Blades
 + Level 2.8 Axes
 + Level 2.8 Maces & Flails
 + Level 2.8 Polearms
 + Level 2.8 Staves
 + Level 2.8 Slings
 + Level 2.8 Bows
 + Level 2.8 Crossbows
 + Level 2.8 Throwing
 + Level 7.2 Armour
 + Level 2.8 Dodging
 + Level 2.8 Stealth
 + Level 7.2 Shields
 + Level 2.8 Unarmed Combat
 + Level 2.8 Spellcasting
 + Level 2.3 Conjurations
 + Level 2.3 Hexes
 + Level 2.3 Summonings
 + Level 2.3 Necromancy
 + Level 2.3 Translocations
 + Level 2.3 Transmutations
 + Level 2.3 Fire Magic
 + Level 2.3 Ice Magic
 + Level 2.3 Air Magic
 + Level 2.3 Earth Magic
 + Level 2.3 Poison Magic
 + Level 3.1 Invocations
 + Level 2.8 Evocations


You had 11 spell levels left.
You didn't know any spells.
Your spell library contained the following spells:

 Spells                   Type           Power      Damage    Failure   Level
 Gell's Gravitas          Tloc           3%         N/A       96%         3
 Ozocubu's Armour         Ice            6%         N/A       96%         3
 Teleport Other           Tloc           6%         N/A       96%         3
 Metabolic Englaciation   Hex/Ice        3%         N/A       100%        5
 Dispersal                Tloc           3%         N/A       100%        6
 Simulacrum               Ice/Necr       3%         N/A       100%        6


Dungeon Overview and Level Annotations

Branches:
Dungeon (4/15)
 Temple: D:4-7

Altars:

Shops:
D:1 *


Innate Abilities, Weirdness & Mutations

You have very sharp teeth.
Your uncanny sense of smell can sniff out nearby items.
Your experience applies equally to all skills.


Message History

Your Fighting skill increases to level 7!
Your Armour skill increases to level 7!
Your Shields skill increases to level 7!
Your Conjurations skill increases to level 2!
Your Hexes skill increases to level 2!
Your Summonings skill increases to level 2!
Your Necromancy skill increases to level 2!
Your Translocations skill increases to level 2!
Your Transmutations skill increases to level 2!
Your Fire Magic skill increases to level 2!
Your Ice Magic skill increases to level 2!
Your Air Magic skill increases to level 2!
Your Earth Magic skill increases to level 2!
Your Poison Magic skill increases to level 2!
Your Invocations skill increases to level 3!
You have reached level 7!
Unknown command.
Items here: )))) [[ ††.
Okay, then.
Found a ring mail.
Found an escape hatch in the floor.
A black bear comes into view.
You see here a +0 ring mail.
The black bear bites you.
* * * LOW HITPOINT WARNING * * *
The black bear claws you but does no damage.
You block the black bear's attack.
You completely miss the black bear. You block the black bear's attack.
The black bear claws you.
* * * LOW HITPOINT WARNING * * *
The black bear claws you but does no damage.
You puncture the black bear!
The black bear is moderately wounded.
The black bear barely misses you. The black bear claws you.
* * * LOW HITPOINT WARNING * * *
You block the black bear's attack.
You hit the black bear.
The black bear is heavily wounded.
The black bear bites you.
You die...

##.. .... ## #..#..#
#..##.# # ∆ #.. #<# .#
. #.###.##.# ...
#...#....##.
.....#######.#.........
......h@..[..#..)#####
...........#...#.#
......####.#.###.#
.....# #...# #.# .....
##..# #)# .... #..# #<#
... #..# #)# ... ..>
#.# #.#


You could see a black bear.

Vanquished Creatures
  Pikel (D:4)
  Sigmund (D:4)
  A lemure (D:3)
  A bullfrog (D:4)
  Natasha (thrice) (D:3)
  An orc wizard (D:3)
  3 gnolls
  A worm (D:2)
  2 dart slugs (D:1)
  3 orcs (D:4)
  4 ball pythons
  2 bats
  4 endoplasms
  A goblin (D:1)
  3 hobgoblins
  7 jackals
  5 kobolds
  3 quokkas
  4 frilled lizards
  2 rats
52 creatures vanquished.

Vanquished Creatures (others)
  A giant cockroach (D:4)
1 creature vanquished.

Grand Total: 53 creatures vanquished

Notes
Turn   | Place    | Note
-------+----------+-------------------------------------------
     0 | D:1      | MisterFreud the Gnoll Fighter began the quest for the Orb.
     0 | D:1      | Reached XP level 1. HP: 23/23 MP: 1/1
   105 | D:1      | Found Tixt's Assorted Antiques.
   154 | D:1      | Reached XP level 2. HP: 29/29 MP: 2/2
   262 | D:1      | Reached XP level 3. HP: 14/35 MP: 3/3
  1033 | D:2      | Reached skill level 1 in Invocations
  1765 | D:3      | Reached skill level 1 in Long Blades
  1765 | D:3      | Reached skill level 1 in Axes
  1765 | D:3      | Reached skill level 1 in Maces & Flails
  1765 | D:3      | Reached skill level 1 in Polearms
  1765 | D:3      | Reached skill level 1 in Staves
  1765 | D:3      | Reached skill level 1 in Slings
  1765 | D:3      | Reached skill level 1 in Bows
  1765 | D:3      | Reached skill level 1 in Crossbows
  1765 | D:3      | Reached skill level 1 in Throwing
  1765 | D:3      | Reached skill level 1 in Dodging
  1765 | D:3      | Reached skill level 1 in Stealth
  1765 | D:3      | Reached skill level 1 in Unarmed Combat
  1765 | D:3      | Reached skill level 1 in Spellcasting
  1765 | D:3      | Reached skill level 1 in Evocations
  1765 | D:3      | Reached XP level 4. HP: 30/41 MP: 5/5
  2173 | D:3      | Noticed Natasha
  2202 | D:3      | Killed Natasha
  2203 | D:3      | Reached skill level 1 in Conjurations
  2203 | D:3      | Reached skill level 1 in Hexes
  2203 | D:3      | Reached skill level 1 in Summonings
  2203 | D:3      | Reached skill level 1 in Necromancy
  2203 | D:3      | Reached skill level 1 in Translocations
  2203 | D:3      | Reached skill level 1 in Transmutations
  2203 | D:3      | Reached skill level 1 in Fire Magic
  2203 | D:3      | Reached skill level 1 in Ice Magic
  2203 | D:3      | Reached skill level 1 in Air Magic
  2203 | D:3      | Reached skill level 1 in Earth Magic
  2203 | D:3      | Reached skill level 1 in Poison Magic
  2333 | D:3      | Noticed Natasha
  2339 | D:3      | Killed Natasha
  2340 | D:3      | Reached XP level 5. HP: 39/47 MP: 6/6
  2411 | D:4      | Noticed Sigmund
  2411 | D:4      | Noticed a lemure
  2420 | D:4      | Noticed a lemure
  2560 | D:3      | Killed a lemure
  2708 | D:4      | Noticed a lemure
  2709 | D:4      | Noticed Pikel
  2713 | D:4      | Noticed a lemure
  2836 | D:3      | Noticed Natasha
  2846 | D:3      | Killed Natasha
  2847 | D:3      | Reached XP level 6. HP: 16/53 MP: 8/8
  3074 | D:4      | Killed Sigmund
  3075 | D:4      | Reached skill level 5 in Short Blades
  3098 | D:4      | Killed Pikel
  3099 | D:4      | Reached XP level 7. HP: 6/60 MP: 9/11
  3114 | D:4      | HP: 2/60 [black bear (2)]
  3115 | D:4      | Slain by a black bear

Illustrated notes

Levels and vault maps discovered:
D:1:      minmay_arrival_checkered_box, layout_rooms, serial_shops,
          nicolae_shop_temple_entry_statues_fountains
D:2:      layout_basic, minmay_misc_feat_five
D:3:      minmay_chambers_of_twos, layout_basic, moated_statue, uniq_natasha
D:4:      layout_rooms, elyvilon_altar_4, enter_ossuary_4, uniq_sigmund,
          uniq_pikel

Skill      XL: |  1  2  3  4  5  6 |
---------------+-------------------+-----
Invocations    | 1 2 3 |  3.1
Long Blades    | 1 2 |  2.8
Axes           | 1 2 |  2.8
Maces & Flails | 1 2 |  2.8
Polearms       | 1 2 |  2.8
Staves         | 1 2 |  2.8
Slings         | 1 2 |  2.8
Bows           | 1 2 |  2.8
Crossbows      | 1 2 |  2.8
Throwing       | 1 2 |  2.8
Dodging        | 1 2 |  2.8
Stealth        | 1 2 |  2.8
Unarmed Combat | 1 2 |  2.8
Spellcasting   | 1 2 |  2.8
Evocations     | 1 2 |  2.8
Conjurations   | 1 2 |  2.3
Hexes          | 1 2 |  2.3
Summonings     | 1 2 |  2.3
Necromancy     | 1 2 |  2.3
Translocations | 1 2 |  2.3
Transmutations | 1 2 |  2.3
Fire Magic     | 1 2 |  2.3
Ice Magic      | 1 2 |  2.3
Air Magic      | 1 2 |  2.3
Earth Magic    | 1 2 |  2.3
Poison Magic   | 1 2 |  2.3
Short Blades   | 5 |  5.4
Fighting       | 7 |  7.2
Armour         | 7 |  7.2
Shields        | 7 |  7.2

Action                   |  1- 3 |  4- 6 |  7- 9 || total
-------------------------+-------+-------+-------++-------
Melee: Rapier            |    85 |   128 |     3 ||   216
       Bite              |     7 |    14 |       ||    21
  Use: Potion            |       |     1 |       ||     1
Armor: Scale mail        |    35 |    27 |     2 ||    64
Dodge: Dodged            |    15 |    29 |     1 ||    45
Block: Kite shield       |    47 |    56 |     3 ||   106
